 Dungeon Crawl Stone Soup version 0.28-a0-664-gc179e30c89 (webtiles) character file.

Game seed: 11086480023185704437

71738 Conn the Arsonist (level 15, -7/74 (86) HPs)
             Began as an Octopode Fire Elementalist on Oct 16, 2021.
             Was a High Priest of Sif Muna.
             Mangled by a spriggan rider (30 damage)
             ... on level 5 of the Lair of Beasts.
             The game lasted 01:44:14 (25308 turns).

Conn the Arsonist (Octopode Fire Elementalist)     Turns: 25308, Time: 01:44:15

HP:   -7/74 (86)    AC:  3    Str:  8    XL:     15   Next: 37%
MP:   36/49         EV: 18    Int: 34    God:    Sif Muna [*****.]
Gold: 1342          SH:  8    Dex:  8    Spells: 7/39 levels left

rFire   + + .      SeeInvis .   b - staff of fire
rCold   + + .      Faith    .   B - +3 buckler of Hedging {rCorr MP+9 Dex-5}
rNeg    . . .      Spirit   .   V - +2 hat {Will+}
rPois   .          Reflect  .   H - amulet of the acrobat
rElec   +          Harm     .   n - ring "Raukeew" {rElec Int+6}
rCorr   +          Rampage  .   x - ring "Noboegod" {rC- Will++ MP+9 EV+4 Int-4}
Will    ++++.                   D - ring "Asavvaih" {Drain Fly rC+++ Int+3 Stlth+}
Stlth   +++++.....              M - +6 ring of intelligence
HPRegen 0.22/turn               N - ring of protection from cold
MPRegen 0.31/turn               X - ring of fire
                                (no ring)
                                (no ring)

@: flying, very slightly contaminated, heavily drained, invisible
A: almost no armour, amphibious, 8 rings, camouflage 1, gelatinous body 1,
(nimble swimmer 1), tentacles
a: Renounce Religion, Channel Magic, Forget Spell, Divine Exegesis


You were on level 5 of the Lair of Beasts.
You worshipped Sif Muna.
Sif Muna was extremely pleased with you.
You visited 4 branches of the dungeon, and saw 20 of its levels.
You also visited: Ice Cave and Volcano.

You collected 2798 gold pieces.
You spent 1456 gold pieces at shops.

Inventory:

Hand Weapons
 a - the +8 dagger "Rohe Bud" {venom, rPois rC+ Str+2}
   (You found it on level 12 of the Dungeon)

   It poisons the flesh of those it strikes.
   Str:       It affects your strength (+2).
   rC:        It protects you from cold.
   rPois:     It protects you from poison.
 S - the +4 dagger "Tozinozew" {drain, rF+ rN+}
   (You found it on level 12 of the Dungeon)

   A truly terrible weapon, it drains the life of any living foe it strikes.
   rF:        It protects you from fire.
   rN:        It protects you from negative energy.
 Y - the +11 flail "Omopurph" {freeze, rElec rC+ Will+ MP+9}
   (You found it on level 3 of the Lair of Beasts)

   It freezes those it strikes, dealing additional cold damage.
   It can also slow down cold-blooded creatures.
   rC:        It protects you from cold.
   rElec:     It insulates you from electricity.
   MP:        It affects your magic capacity (+9).
   Will:      It increases your willpower.
Missiles
 e - 5 atropa-tipped darts (quivered)
 j - 104 poisoned darts
 W - 6 throwing nets
Armour
 B - the +3 buckler of Hedging (worn) {rCorr MP+9 Dex-5}
   (You acquired it on level 7 of the Dungeon)

   Dex:       It affects your dexterity (-5).
   MP:        It affects your magic capacity (+9).
   rCorr:     It protects you from acid and corrosion.
 V - a +2 hat of willpower (worn)
Magical Staves
 b - a staff of fire (weapon)
Jewellery
 n - the ring "Raukeew" (left tentacle) {rElec Int+6}
   (You acquired it on level 4 of the Dungeon)

   [ring of intelligence]

   Int:       It affects your intelligence (+6).
   rElec:     It insulates you from electricity.
 r - a ring of ice
 w - a ring of protection from cold
 x - the ring "Noboegod" (right tentacle) {rC- Will++ MP+9 EV+4 Int-4}
   (You found it on level 6 of the Dungeon)

   [ring of evasion]

   EV:        It affects your evasion (+4).
   Int:       It affects your intelligence (-4).
   rC:        It makes you vulnerable to cold.
   MP:        It affects your magic capacity (+9).
   Will:      It greatly increases your willpower.
 D - the ring "Asavvaih" (on tentacle) {Drain Fly rC+++ Int+3 Stlth+}
   (You acquired it on level 7 of the Dungeon)

   [ring of flight]

   Int:       It affects your intelligence (+3).
   rC:        It renders you almost immune to cold.
   Fly:       It grants you flight.
   Drain:     It drains your maximum health when unequipped.
   Stlth:     It makes you more stealthy.
 H - an amulet of the acrobat (around mantle)
 M - a +6 ring of intelligence (on tentacle)
 N - a ring of protection from cold (on tentacle)
 X - a ring of fire (on tentacle)
Wands
 o - a wand of digging (10)
 p - a wand of flame (50)
 y - a wand of polymorph (20)
 z - a wand of charming (6)
 I - a wand of acid (13)
 O - a wand of iceblast (4)
Scrolls
 f - a scroll of immolation {unknown}
 g - 7 scrolls of teleportation
 h - a scroll of silence
 s - 4 scrolls of amnesia
 t - 3 scrolls of enchant armour
 u - a scroll of torment
 C - a scroll of holy word {unknown}
 E - 3 scrolls of magic mapping
 G - 2 scrolls of enchant weapon
 L - a scroll of fog
 P - a scroll of brand weapon
 Q - a scroll of fear
Potions
 c - 4 potions of degeneration
 d - a potion of resistance
 i - a potion of attraction
 k - 2 potions of lignification
 l - 6 potions of curing
 m - 4 potions of invisibility
 q - 2 potions of brilliance
 F - 3 potions of flight
 J - 2 potions of berserk rage
 K - 3 potions of might
 R - a potion of haste
 T - 3 potions of cancellation
 U - 2 potions of magic


   Skills:
 + Level 2.5 Fighting
 + Level 2.1 Short Blades
 + Level 1.3 Staves
 + Level 5.4 Dodging
 + Level 7.1 Stealth
 + Level 6.7 Shields
 + Level 12.6 Spellcasting
 + Level 10.8 Conjurations
 + Level 4.3 Hexes
 + Level 7.3 Translocations
 + Level 13.9 Fire Magic
 + Level 5.9 Earth Magic
 - Level 7.1 Invocations
 + Level 0.1 Evocations


You had 7 spell levels left.
You knew the following spells:

 Your Spells              Type           Power      Damage    Failure   Level
a - Foxfire               Conj/Fire      100%       2x1d9     0%          1
b - Conjure Flame         Conj/Fire      100%       6-21      1%          3
c - Inner Flame           Hex/Fire       100%       N/A       1%          3
d - Flame Wave            Conj/Fire      100%       3d16      1%          4
e - Scorch                Fire           100%       2d10      0%          2
f - Sticky Flame          Conj/Fire      100%       2d11      1%          4
g - Stone Arrow           Conj/Erth      100%       3d13      1%          3
h - Blink                 Tloc           N/A        N/A       1%          2
i - Iskenderun's Mystic   Conj/Tloc      70%        2d14      1%          4
j - Starburst             Conj/Fire      63%        6d17      1%          6

Your spell library contained the following spells:

 Spells                   Type           Power      Damage    Failure   Level
 Gell's Gravitas          Tloc           31%        N/A       1%          3
 Ignite Poison            Fire/Tmut/Pois 87%        N/A       1%          3
 Lesser Beckoning         Tloc           63%        N/A       1%          3
 Portal Projectile        Hex/Tloc       100%       N/A       1%          3
 Teleport Other           Tloc           63%        N/A       1%          3
 Manifold Assault         Tloc           63%        N/A       2%          5
 Call Imp                 Summ           21%        N/A       3%          2
 Corpse Rot               Necr/Air       N/A        N/A       3%          2
 Poisonous Vapours        Pois/Air       42%        N/A       3%          2
 Dispersal                Tloc           31%        N/A       16%         6
 Summon Ice Beast         Ice/Summ       21%        N/A       21%         4
 Summon Lightning Spire   Summ/Air       21%        N/A       21%         4
 Summon Mana Viper        Hex/Summ       36%        N/A       24%         5
 Agony                    Necr           21%        N/A       50%         5
 Eringya's Noxious Bog    Tmut/Pois      10%        N/A       97%         6
 Malign Gateway           Summ/Tloc      23%        N/A       98%         7
 Haunt                    Necr/Summ      10%        N/A       100%        7
 Lehudib's Crystal Spear  Conj/Erth      34%        10d9      99%         8
 Disjunction              Tloc           31%        N/A       100%        8
 Infestation              Necr           10%        N/A       100%        8
 Animate Armour           Summ/Erth      Unusable   N/A       N/A         4

Dungeon Overview and Level Annotations

Branches:
Dungeon (12/15)            Temple (1/1) D:6            Lair (5/6) D:8
  Swamp (0/4) Lair:3       Spider (0/4) Lair:2          Orc (2/2) D:9
    Elf (0/3) Orc:2         IceCv (visited)         Volcano (visited)
  Slime: Lair:5-6

Altars:
Ashenzari
Cheibriados
Nemelex Xobeh
Sif Muna
Uskayaw

Shops:
D:3 (   D:7 [   Orc:2 **?*

Annotations:
D:6 1 runed translucent door
D:11 Urug
Lair:5 Soborki's ghost, journeyman MiBe


Innate Abilities, Weirdness & Mutations

You cannot wear most types of armour.
You are amphibious.
You can wear up to eight rings at the same time.
Your skin changes colour to match your surroundings (Stealth+).
Your rubbery body absorbs attacks. (AC +1, EV +1)
((You are camouflaged near water. (Stealth+)))
You have tentacles for arms and can constrict up to eight enemies at once.


Message History

Sif Muna accepts your kill.
The spriggan rider hits you from afar with the +7 spear of the Slicing Lamprey {drain, Drain +Blink Dex+3}!!
* * * LOW HITPOINT WARNING * * *
You feel drained.
* * * LOW HITPOINT WARNING * * *
Casting: Starburst (dangerous; 1% risk of failure)
Confirm with . or Enter, or press ? or * to list all spells.
Okay, then.
Unknown command.
Unknown command.
Okay, then.
Blink to where?
Press: ? - help, Dir - move target
As you read the scroll of blinking, it crumbles to dust.
Okay, then.
Casting: Starburst (dangerous; 1% risk of failure)
Confirm with . or Enter, or press ? or * to list all spells.
Okay, then.
You fade into invisibility!
You are very lightly contaminated with residual magic.
Casting: Starburst (dangerous; 1% risk of failure)
Confirm with . or Enter, or press ? or * to list all spells.
Okay, then.
Okay, then.
Unknown command.
Unknown command.
As you read the scroll of fear, it crumbles to dust.
You assume a fearsome visage.
The spriggan rider resists with almost no effort.
Press: ? - help, v - describe, . - travel
Here: a spriggan rider, wielding the +7 spear of the Slicing Lamprey {drain, Drain +Blink Dex+3} (moderately wounded)
The floor.
Unknown command.
Casting: Starburst (dangerous; 1% risk of failure)
Confirm with . or Enter, or press ? or * to list all spells.
Okay, then.
Unknown command.
You feel much better.
The spriggan rider hits you from afar with the +7 spear of the Slicing Lamprey {drain, Drain +Blink Dex+3}!!
You die...

##...................
...........##.#..................
..........#.##...................
...........# ##..................
...........###.......###.........
............##......##...........
............###......#.#.........
#.........P##......P............
#...÷......#..@.....^..........
##.÷÷.÷.....i................##
#....÷÷....#####.............#
##...÷.÷...#♣♣♣####..........#
####..........#..♣ ♣♣##........##
..............##:♣♣.♣ #........##
.......#.##...8#♣..♣ #...#..####
.......###...W.#g..♣ #...#### ##
.>.....P##.§...'.♣!♣ #....## ##.


You could see a spriggan rider.

Vanquished Creatures
  Rupert (Lair:3)
  A reaper (IceCv)
  Snorg (D:11)
  Josephine (D:11)
  Erolcha (D:11)
  6 hydras
  Harold (Lair:1)
  A boulder beetle (Lair:5)
  A centaur warrior (D:12)
  A catoblepas (Lair:5)
  5 two-headed ogres (Volcano)
  2 ogre magi
  3 orc high priests (Orc:2)
  A hell knight (Volcano)
  2 wizards (D:12)
  A lindwurm (Lair:2)
  7 deep elf pyromancers (D:12)
  A deep elf zephyrmancer (D:12)
  6 orc knights
  A faun (Lair:5)
  5 orc sorcerers
  The ghost of RichitheSlayer the Slasher, a novice OpFi of Okawaru (D:6)
  An ugly thing (D:12)
  A manticore (D:12)
  2 cyclopes (D:12)
  6 elephants (Lair:3)
  A black mamba (Lair:2)
  2 gargoyles
  Joseph (D:7)
  2 ice statues (IceCv)
  11 cane toads
  A rime drake (Lair:4)
  2 unseen horrors
  8 komodo dragons
  3 anaconda simulacra (IceCv)
  3 kobold demonologists (D:12)
  5 tengu conjurers (D:12)
  3 entropy weaver simulacra (IceCv)
  9 ice devils
  3 trolls
  5 polar bears
  A hornet (D:11)
  A slime creature (D:7)
  6 blink frogs
  Grinder (D:6)
  7 dream sheep (Lair:5)
  2 redbacks (Lair:2)
  3 basilisks
  6 wraiths
  5 wyverns
  A water elemental (D:12)
  45 yaks
  A dire elephant simulacrum (IceCv)
  Grum (Lair:1)
  2 steam dragons
  A swamp worm (Lair:3)
  6 vampire mosquitoes (D:12)
  3 harpy simulacra (IceCv)
  An acid dragon (D:10)
  8 water moccasins
  A sky beast (D:6)
  23 orc warriors
  2 ice beasts (D:5)
  A swamp drake (D:8)
  3 black bears
  4 centaurs
  7 ogres
  50 wolves
  7 kobold brigands
  16 bullfrogs
  Blork the orc (D:5)
  A gnoll sergeant (D:7)
  2 scorpions
  5 killer bees (D:9)
  4 wights (D:9)
  4 electric eels
  4 howler monkeys
  6 centaur zombies
  2 bullfrog skeletons
  A gnoll shaman (D:6)
  5 jellies
  11 orc priests
  2 iguanas
  Natasha (D:3)
  15 orc wizards
  A scorpion zombie (D:5)
  A spriggan simulacrum (IceCv)
  A troll simulacrum (IceCv)
  A killer bee zombie (D:8)
  A hound skeleton (D:4)
  A mummy (D:4)
  A howler monkey skeleton (D:6)
  A river rat (D:6)
  An adder (D:3)
  15 gnolls
  2 white imps
  2 ufetubi
  An adder skeleton (D:4)
  A worm (D:6)
  52 orcs
  6 ball pythons
  6 bats
  5 endoplasms
  6 goblins
  5 hobgoblins
  22 kobolds
  5 quokkas
  A frilled lizard (D:3)
  3 hobgoblin zombies (D:4)
  An orc zombie (D:4)
  4 rats
544 creatures vanquished.

Vanquished Creatures (collateral kills)
  A two-headed ogre (Volcano)
  An orc (D:8)
  2 kobolds (D:8)
  2 foxfires
6 creatures vanquished.

Vanquished Creatures (others)
  1432 foxfires
  23 fungi
  18 plants
  7 toadstools (D:7)
1480 creatures vanquished.

Grand Total: 2030 creatures vanquished

Notes
Turn   | Place    | Note
-------+----------+-------------------------------------------
     0 | D:1      | Conn the Octopode Fire Elementalist began the quest for the
                  | Orb.
     0 | D:1      | Reached XP level 1. HP: 11/11 MP: 3/3
   124 | D:1      | Reached XP level 2. HP: 17/17 MP: 3/5
   490 | D:1      | Reached XP level 3. HP: 17/21 MP: 2/6
  1586 | D:2      | Learned a level 3 spell: Conjure Flame
  1590 | D:2      | Learned a level 3 spell: Inner Flame
  1797 | D:3      | Noticed Natasha
  1808 | D:4      | Noticed an ogre
  1813 | D:4      | Identified a scroll of acquirement
  1813 | D:4      | Acquired a staff of fire
  2102 | D:4      | Noticed an ogre
  2110 | D:4      | Killed an ogre
  2111 | D:4      | Reached skill level 1 in Short Blades
  2111 | D:4      | Reached XP level 4. HP: 27/27 MP: 0/8
  2111 | D:4      | Reached XP level 5. HP: 32/32 MP: 0/9
  2191 | D:4      | Noticed an ogre
  2213 | D:4      | Killed an ogre
  2214 | D:4      | Reached skill level 1 in Fighting
  2214 | D:4      | Reached skill level 4 in Fire Magic
  2336 | D:4      | Reached XP level 6. HP: 38/38 MP: 5/10
  2808 | D:3      | Killed Natasha
  2938 | D:3      | Found a sparkling altar of Nemelex Xobeh.
  3238 | D:3      | Found Ranitz's Weapon Shoppe.
  3777 | D:4      | Acquired the ring "Raukeew" {rElec Int+6}
  3792 | D:4      | Learned a level 4 spell: Flame Wave
  3823 | D:5      | Entered Level 5 of the Dungeon
  3836 | D:5      | Noticed an ice beast
  3848 | D:5      | Killed an ice beast
  3849 | D:5      | Reached XP level 7. HP: 43/43 MP: 5/12
  4075 | D:5      | Reached skill level 5 in Fire Magic
  4200 | D:5      | Noticed Blork the orc
  4211 | D:5      | Killed Blork the orc
  4212 | D:5      | Reached skill level 5 in Stealth
  4496 | D:6      | Noticed Grinder
  4498 | D:6      | Found a runed translucent door.
  4498 | D:6      | Noticed RichitheSlayer's ghost (novice OpFi)
  4498 | D:6      | Paralysed by Grinder for 3 turns
  4506 | D:6      | Paralysed by Grinder for 6 turns
  4517 | D:6      | Killed Grinder
  4518 | D:6      | Reached skill level 5 in Spellcasting
  4518 | D:6      | Reached XP level 8. HP: 48/48 MP: 0/15
  5401 | D:6      | Reached skill level 6 in Fire Magic
  5513 | D:6      | Identified the ring "Noboegod" {rC- Will++ MP+9 EV+4 Int-4}
  5695 | D:6      | Found a staircase to the Ecumenical Temple.
  5702 | Temple   | Entered the Ecumenical Temple
  5715 | Temple   | Became a worshipper of Sif Muna the Loreminder
  5963 | D:6      | Found a runed translucent door.
  5966 | D:6      | Reached XP level 9. HP: 38/54 MP: 17/17
  6380 | D:6      | Killed RichitheSlayer's ghost
  6381 | D:6      | Reached skill level 5 in Conjurations
  6381 | D:6      | Reached skill level 7 in Fire Magic
  6661 | D:7      | Noticed Joseph
  6670 | D:7      | Learned a level 2 spell: Scorch
  6675 | D:7      | Learned a level 4 spell: Sticky Flame
  6679 | D:7      | Learned a level 3 spell: Stone Arrow
  6695 | D:7      | Killed Joseph
  6696 | D:7      | Reached skill level 1 in Invocations
  6967 | D:7      | Found Voosh's Armour Shop.
  6967 | D:7      | Identified the +7 short sword "Tattletale" {flame, Fragile
                  | Fly rF+ Str+4}
  7055 | D:7      | Reached skill level 1 in Earth Magic
  7611 | D:7      | Acquired the ring "Asavvaih" {Drain Fly rC+++ Int+3 Stlth+}
  7612 | D:7      | Acquired a +2 hat of stealth
  7613 | D:7      | Acquired the +3 buckler of Hedging {rCorr MP+9 Dex-5}
  7680 | D:7      | Reached * piety under Sif Muna
  7689 | D:7      | Reached skill level 1 in Hexes
  7689 | D:7      | Reached XP level 10. HP: 27/60 MP: 20/20
  7943 | D:7      | Reached skill level 8 in Fire Magic
  8553 | D:8      | Reached skill level 1 in Shields
  8683 | D:8      | Found a staircase to the Lair.
  9035 | D:8      | Learned a level 2 spell: Blink
  9192 | D:8      | Reached ** piety under Sif Muna
  9406 | D:9      | Reached skill level 1 in Translocations
  9544 | D:9      | Reached skill level 9 in Fire Magic
  9798 | D:9      | Found a staircase to the Orcish Mines.
 10034 | D:9      | Reached XP level 11. HP: 36/64 MP: 22/22
 10825 | D:10     | Entered Level 10 of the Dungeon
 11113 | D:10     | Reached *** piety under Sif Muna
 11616 | D:10     | Reached skill level 1 in Staves
 12200 | D:11     | Noticed Josephine
 12208 | D:11     | Killed Josephine
 12209 | D:11     | Reached skill level 10 in Fire Magic
 12217 | D:11     | Noticed Snorg
 12231 | D:11     | Killed Snorg
 12709 | D:11     | Noticed Erolcha
 12717 | D:11     | Killed Erolcha
 12718 | D:11     | Reached XP level 12. HP: 72/72 MP: 24/24
 12784 | D:11     | Noticed Urug
 13316 | D:12     | Reached skill level 5 in Invocations
 13511 | D:12     | Identified the +8 dagger "Rohe Bud" {venom, rPois rC+
                  | Str+2}
 13529 | D:12     | Identified the +6 trident of the Onslaught {antimagic,
                  | Str+4}
 13634 | D:12     | Noticed a centaur warrior
 13666 | D:12     | Killed a centaur warrior
 13666 | D:12     | Reached **** piety under Sif Muna
 13667 | D:12     | Reached skill level 11 in Fire Magic
 13922 | D:12     | Reached skill level 5 in Shields
 13966 | D:12     | Found a frozen archway.
 13983 | IceCv    | Entered an ice cave
 14661 | IceCv    | Reached skill level 5 in Earth Magic
 14941 | IceCv    | Reached XP level 13. HP: 76/76 MP: 26/26
 15072 | IceCv    | Noticed a reaper
 15125 | IceCv    | Killed a reaper
 15126 | IceCv    | Reached skill level 5 in Translocations
 15772 | D:12     | Reached skill level 12 in Fire Magic
 15925 | D:12     | Got Xaol's Grimoire of Fire and Venom
 15935 | D:12     | Got the Almanac of Dislocation
 15967 | D:12     | Got the Compendium of the Circus Animal
 15980 | D:12     | Found a shimmering blue altar of Sif Muna.
 15992 | D:12     | Reached skill level 10 in Spellcasting
 16216 | D:12     | Identified the +4 dagger "Tozinozew" {drain, rF+ rN+}
 16246 | D:12     | Noticed a tengu reaver
 16247 | D:12     | Noticed a tengu reaver
 17175 | Orc:1    | Entered Level 1 of the Orcish Mines
 17202 | Orc:1    | Reached ***** piety under Sif Muna
 17486 | Orc:2    | Entered Level 2 of the Orcish Mines
 17522 | Orc:2    | Found a staircase to the Elven Halls.
 17539 | Orc:2    | Found a dark tunnel.
 17549 | Volcano  | Entered a volcano
 17579 | Volcano  | Found a bloodstained altar of Trog.
 18015 | Orc:2    | Received a gift from Sif Muna
 18019 | Orc:2    | Reached XP level 14. HP: 81/81 MP: 25/28
 18259 | Orc:2    | Got Sif Muna's Collected Works on Displaced Summoning {god
                  | gift}
 18265 | Orc:2    | Learned a level 4 spell: Iskenderun's Mystic Blast
 18272 | Orc:2    | Learned a level 6 spell: Starburst
 18471 | Orc:2    | HP: 2/81 [barbs]
 18874 | Orc:2    | Found Ekkotif Piul's General Store.
 18874 | Orc:2    | Found Saiqoenn's General Store.
 18877 | Orc:2    | Found Sobu's Magic Scroll Boutique.
 18877 | Orc:2    | Found Luvemuh's General Store.
 18891 | Orc:2    | Bought a scroll of acquirement for 728 gold pieces
 18892 | Orc:2    | Acquired 1287 gold pieces
 18899 | Orc:2    | Bought a scroll of acquirement for 728 gold pieces
 18900 | Orc:2    | Acquired a +2 hat of willpower
 19753 | Lair:1   | Entered Level 1 of the Lair of Beasts
 19887 | Lair:1   | Reached skill level 13 in Fire Magic
 20254 | Lair:1   | Identified the +5 trident "Aqoneppyw" {drain, Will+ Int+4
                  | Dex+3}
 20285 | Lair:1   | Noticed Harold
 20296 | Lair:1   | Killed Harold
 20313 | Lair:1   | Noticed Grum
 20334 | Lair:1   | Killed Grum
 20370 | Lair:1   | Reached skill level 10 in Conjurations
 21315 | Lair:2   | Found a hole to the Spider Nest.
 22060 | Lair:3   | Noticed Rupert
 22069 | Lair:3   | Killed Rupert
 22788 | Lair:3   | Found a staircase to the Swamp.
 23265 | Lair:3   | Identified the +11 flail "Omopurph" {freeze, rElec rC+
                  | Will+ MP+9}
 23374 | Lair:4   | Reached XP level 15. HP: 75/86 MP: 31/31
 24165 | Lair:5   | Reached skill level 5 in Dodging
 24179 | Lair:5   | Received a gift from Sif Muna
 24198 | Lair:5   | Got Sif Muna's Collected Works on Ghastly Creation {god
                  | gift}
 24948 | Lair:5   | Found a runed translucent door.
 24953 | Lair:5   | Noticed Soborki's ghost (journeyman MiBe)
 24953 | Lair:5   | Identified the +7 spear of the Slicing Lamprey {drain,
                  | Drain +Blink Dex+3}
 25302 | Lair:5   | HP: 2/74 [spriggan rider (4)]
 25308 | Lair:5   | Mangled by a spriggan rider

Illustrated notes

Levels and vault maps discovered:
D:1:      lightli_arrival_noodles, layout_rooms
D:2:      layout_loops_ring, minivault_26
D:3:      layout_rooms, nemelex_spade_bored_becter, serial_shops,
          nicolae_lakefront_shop, minmay_puff, uniq_natasha
D:4:      layout_layer_cave, minmay_mini_ossuary
D:5:      layout_rooms, uniq_blork_the_orc
D:6:      layout_cave_pods, minmay_temple_entry_tees, ebering_ghost_sewer_f,
          skrybe_limestone_x, uniq_grinder
D:7:      cheibrodos_fertilizer, layout_basic, serial_shops, shop, uniq_joseph
D:8:      layout_basic, erik_lair_dragon
D:9:      layout_roguey, david_orc_4
D:10:     layout_gridville, serial_rivers, chequers_serial_rivers_small_a,
          chequers_serial_rivers_micro_c, chequers_serial_rivers_small_a,
          chequers_serial_rivers_micro_e, hive_lemuel
D:11:     layout_roguey, eino_small_chamber_without_monster, uniq_erolcha,
          uniq_urug, uniq_josephine, uniq_snorg
D:12:     evilmike_library_of_no_secrets, layout_basic,
          portal_ice_cave_demonic_guard, minivault_20
Temple:   minmay_crystal_snake_temple
Lair:1:   layout_hall_layers, uniq_harold, uniq_grum
Lair:2:   layout_roguey, spider_nest_entry_webs, st_stairs_9,
          chequers_serial_rivers_small_b, grunt_megastairs_3
Lair:3:   layout_chaotic_city, palyth_hydra_swamp_entry, uniq_rupert
Lair:4:   layout_long_grid, grunt_megastairs_1, infiniplex_staircase_pool,
          serial_bayou_shore_b
Lair:5:   layout_cellular_growth, minmay_slime_entry_oklob_enclosed,
          ebering_ghost_funeral_grove, grunt_forest_large_clearings
Orc:1:    layout_caves, serial_shops, nicolae_shop_waterfront,
          elves_outpost_lemuel
Orc:2:    grunt_orc_tribal_feast, layout_caves, nicolae_volcano_entry_hallway

Skill      XL: |  1  2  3  4  5  6  7  8  9 10 11 12 13 14 15 |
---------------+----------------------------------------------+-----
Stealth        | 3 4 5 6 7 |  7.1
Short Blades   | 1 2 |  2.1
Spellcasting   | 3 5 6 7 8 9 10 12 | 12.6
Fighting       | 1 2 |  2.5
Conjurations   | 2 3 4 5 7 8 9 10 | 10.8
Fire Magic     | 4 5 6 7 9 10 11 12 13 | 13.9
Dodging        | 3 4 5 |  5.4
Invocations    | 2 3 4 5 7 |  7.1
Earth Magic    | 2 3 4 5 |  5.9
Hexes          | 1 3 4 |  4.3
Shields        | 2 4 5 6 |  6.7
Translocations | 1 3 4 5 7 |  7.3
Staves         | 1 |  1.3
Evocations     | |  0.1

Action                   |  1- 3 |  4- 6 |  7- 9 | 10-12 | 13-15 || total
-------------------------+-------+-------+-------+-------+-------++-------
Melee: Unarmed           |     2 |       |       |       |       ||     2
       Short sword       |    29 |     7 |       |     1 |       ||    37
       Constrict         |    10 |     2 |     8 |     4 |     5 ||    29
       Tentacles         |     3 |       |     1 |     4 |     4 ||    12
       Staff             |       |       |    35 |    20 |    25 ||    80
       Dagger            |       |       |       |       |     5 ||     5
 Cast: Foxfire           |    40 |    58 |   152 |   266 |   315 ||   831
       Conjure Flame     |       |     1 |       |     3 |     2 ||     6
       Inner Flame       |       |       |    12 |    52 |    50 ||   114
       Flame Wave        |       |       |     3 |    40 |    71 ||   114
       Scorch            |       |       |     5 |    17 |     2 ||    24
       Sticky Flame      |       |       |     1 |    12 |     1 ||    14
       Blink             |       |       |       |     4 |    10 ||    14
       Stone Arrow       |       |       |       |       |     7 ||     7
       Starburst         |       |       |       |       |    43 ||    43
       Iskenderun's Myst |       |       |       |       |     9 ||     9
Evoke: Wand              |       |       |       |     3 |     4 ||     7
  Use: Scroll            |     2 |     1 |     3 |    16 |    18 ||    40
       Potion            |     1 |       |       |     2 |     8 ||    11
 Stab: Sleeping          |     3 |     2 |       |     1 |     5 ||    11
Armor: Skin              |     1 |     1 |     2 |    14 |     5 ||    23
Dodge: Dodged            |    24 |    10 |    52 |   107 |   116 ||   309
Block: Buckler           |       |       |     2 |    45 |    67 ||   114

Table legend: (Time is in decaauts)
 A = Elapsed time spent in this place.
 B = Non-inter-level travel time spent in this place.
 C = Inter-level travel time spent in this place.
 D = Time resting spent in this place.
 E = Time spent auto-exploring this place.
 F = Levels seen in this place.
 G = Mean time per level.
                   A        B        C        D        E       F      G
               +--------+--------+--------+--------+--------+-----+--------+
         Total |  25320 |  24757 |    563 |   4803 |  14126 |  22 | 1150.9 |
       Dungeon |  15820 |  15331 |    489 |   2565 |   9368 |  12 | 1318.3 |
        Temple |     26 |     26 |      0 |      0 |      5 |   1 |   26.0 |
          Lair |   5554 |   5515 |     39 |    669 |   3585 |   5 | 1110.8 |
  Orcish Mines |   1978 |   1943 |     35 |    663 |    790 |   2 |  989.0 |
      Ice Cave |   1492 |   1492 |      0 |    808 |    238 |   1 | 1492.0 |
       Volcano |    446 |    446 |      0 |     98 |    140 |   1 |  446.0 |
               +--------+--------+--------+--------+--------+-----+--------+

Top non-repeatable levels by time:
    D:12: 2080 daAuts
     D:6: 1953 daAuts
   Orc:2: 1664 daAuts
     D:9: 1642 daAuts
    D:10: 1575 daAuts
   IceCv: 1492 daAuts
  Lair:2: 1462 daAuts
     D:7: 1459 daAuts
     D:4: 1405 daAuts
     D:8: 1307 daAuts
  Lair:3: 1303 daAuts
  Lair:5: 1161 daAuts
    D:11: 1130 daAuts
     D:1: 888 daAuts
     D:5: 846 daAuts
